 Dungeon Crawl Stone Soup version 0.27-a0-828-g8289197e94 (webtiles) character file.

Game seed: 1416568306210800495

731 srzhan31 the Magician (level 7, -1/45 HPs)
             Began as a Djinni Venom Mage on Mar 30, 2021.
             Was an Initiate of Makhleb.
             Slain by a hornet zombie (8 damage)
             ... on level 5 of the Dungeon.
             The game lasted 00:13:50 (6805 turns).

srzhan31 the Magician (Djinni Venom Mage)           Turns: 6805, Time: 00:13:50

Health: -1/45      AC:  2    Str:  7    XL:     7   Next: 73%
Gold:   183        EV: 12    Int: 19    God:    Makhleb [......] SH:  5 Dex: 13

rFire    + + .     SeeInvis .   d - staff of cold
rCold    . . .     Faith    .   (no shield)
rNeg     . . .     Spirit   .   a - +0 robe
rPois    ∞         Reflect  +   (no helmet)
rElec    .         Harm     .   (no cloak)
rCorr    .         Rampage  .   (no gloves)
Will     .....                  (boots unavailable)
Stlth    ++........             j - amulet of reflection
HPRegen  0.15/turn              (no ring)
MPRegen  0.00/turn              (no ring)

@: flying
A: fire resistance 2, cold vulnerability 1, float, innate caster, hp casting,
extra vitality 1
a: Renounce Religion


You were on level 5 of the Dungeon.
You worshipped Makhleb.
Makhleb was noncommittal.
You visited 2 branches of the dungeon, and saw 6 of its levels.

You collected 183 gold pieces.

Inventory:

Armour
 a - a +0 robe (worn)
 f - a +0 kite shield
Magical Staves
 d - a staff of cold (weapon)
Jewellery
 j - an amulet of reflection (around neck)
Scrolls
 c - 2 scrolls of vulnerability {unknown}
 e - 3 scrolls of teleportation {unknown}
 h - a scroll of enchant armour {unknown}
 i - a scroll of fear {unknown}
 l - a scroll of enchant weapon {unknown}
 m - 2 scrolls of silence {unknown}
 n - a scroll of identify {unknown}
Potions
 b - 4 potions of lignification {unknown}
 g - 5 potions of curing
 k - a potion of invisibility {unknown}
 o - a potion of ambrosia {unknown}


   Skills:
 + Level 3.0 Dodging
 - Level 1.6 Stealth
 + Level 7.3 Spellcasting


You had 2 spell levels left.
You knew the following spells:

 Your Spells              Type           Power      Damage    Failure   Level
a - Sting                 Tmut/Pois      100%       1d8       1%          1
b - Poisonous Vapours     Pois/Air       68%        N/A       1%          2
c - Mephitic Cloud        Conj/Pois/Air  34%        N/A       1%          3
d - Ignite Poison         Fire/Tmut/Pois 34%        N/A       1%          3
e - Olgreb's Toxic Radia  Pois           34%        N/A       4%          4
f - Animate Skeleton      Necr           68%        N/A       1%          1
g - Swiftness             Air            34%        N/A       1%          2
h - Call Imp              Summ           34%        N/A       1%          2
Your spell library was empty.

Dungeon Overview and Level Annotations

Branches:
Dungeon (5/15)             Temple (1/1) D:4

Altars:
Ashenzari
Cheibriados
Dithmenos
Elyvilon
Fedhas
Gozag
Hepliaklqana
Makhleb
Nemelex Xobeh
Okawaru
Qazlal
Ru
Sif Muna
Trog
Uskayaw
Vehumet
Xom
Yredelemnul
The Shining One


Innate Abilities, Weirdness & Mutations

You are immune to poison.
Your flesh is very heat resistant. (rF++)
You are vulnerable to cold. (rC-)
You float through the air rather than walking.
You learn spells naturally, not from books.
Your magical power is your life essence.
You have superior vitality. (+4 HP)


Message History

g - Guard the area. f - Follow me.
Anything else - Cancel.
Gang up on whom?
Press: ? - help, Dir - move target, f - hornet zombie
Aim: a hornet zombie (lightly damaged, ally target) Attack!
Your crimson imp hits the hornet zombie.
You closely miss the hornet zombie.
The hornet zombie is moderately damaged.
The hornet zombie hits you. The hornet zombie hits you!
Your crimson imp hits the hornet zombie but does no damage.
You hit the hornet zombie.
The hornet zombie is moderately damaged.
The hornet zombie closely misses you.
Your crimson imp hits the hornet zombie.
You hit the hornet zombie.
The hornet zombie is moderately damaged.
The hornet zombie hits you.
Your crimson imp blinks!
The hornet zombie hits you!
* * * LOW HITPOINT WARNING * * *
The hornet zombie hits you!
* * * LOW HITPOINT WARNING * * *
You feel better.
The hornet zombie hits you but does no damage.
Unknown command.
Casting: Call Imp (safe; 1% risk of failure)
Confirm with . or Enter, or press ? or * to list all spells.
A beastly little devil appears in a puff of frigid air.
The hornet zombie closely misses you.
Your crimson imp blinks!
The hornet zombie hits you!
* * * LOW HITPOINT WARNING * * *
Your white imp gestures at the hornet zombie.
The puff of frost hits the hornet zombie.
The hornet zombie resists.
You block the hornet zombie's attack.
Your crimson imp blinks!
The hornet zombie hits you!
You die...

#.....'.......+<.....#..........
##.....#.......#......+..........
.......#.......#......#..........
.......#.......#......#..........
.......#########.##...#.........[
.............###+## ###########
.............#....#
##...........#....#
#...........#..@.#
######.....[#.Z..#
#........#.#### ###
##########5##.# .... #.§...#
..... #.....#...... #..5..'§..5..
#######...... ######


You could see a hornet zombie (ally target), a friendly crimson imp (summoned)
and a friendly white imp (summoned).

Vanquished Creatures
  2 black bears
  An orc warrior (D:3)
  A centaur (D:5)
  A bullfrog skeleton (D:5)
  An orc priest (D:3)
  A hound (D:5)
  A scorpion zombie (D:5)
  Terence (D:2)
  An iguana (D:4)
  3 orc wizards
  5 adders
  An ufetubus (D:5)
  A worm (D:3)
  4 dart slugs
  3 orcs
  3 endoplasms
  A giant cockroach (D:3)
  4 goblins
  9 hobgoblins
  18 jackals
  5 quokkas
  8 ball pythons
  5 bats
  3 frilled lizards
  7 kobolds
  8 rats
98 creatures vanquished.

Vanquished Creatures (others)
  A plant (D:2)
1 creature vanquished.

Grand Total: 99 creatures vanquished

Notes
Turn   | Place    | Note
-------+----------+-------------------------------------------
     0 | D:1      | srzhan31 the Djinni Venom Mage began the quest for the Orb.
     0 | D:1      | Reached XP level 1. HP: 15/15 MP: 0/0
   244 | D:1      | Reached skill level 3 in Spellcasting
   246 | D:1      | Reached XP level 2. HP: 13/21 MP: 0/0
  1143 | D:1      | Reached XP level 3. HP: 23/25 MP: 0/0
  1143 | D:1      | Learned a level 1 spell: Animate Skeleton
  2375 | D:2      | Found a sparkling altar of Nemelex Xobeh.
  2496 | D:2      | Noticed Terence
  2503 | D:2      | Killed Terence
  2504 | D:2      | Reached skill level 4 in Spellcasting
  2504 | D:2      | Reached XP level 4. HP: 17/31 MP: 0/0
  2659 | D:2      | Found a glowing golden altar of the Shining One.
  2836 | D:2      | Noticed a black bear
  2843 | D:2      | Killed a black bear
  2844 | D:2      | Reached XP level 5. HP: 23/35 MP: 0/0
  2844 | D:2      | Learned a level 2 spell: Swiftness
  3308 | D:3      | Reached skill level 5 in Spellcasting
  3642 | D:3      | Noticed an orc warrior
  3645 | D:3      | Reached XP level 6. HP: 26/40 MP: 0/0
  3650 | D:3      | Killed an orc warrior
  3948 | D:3      | Reached skill level 6 in Spellcasting
  4152 | D:3      | Found a faded altar of an unknown god.
  4649 | D:4      | Noticed a black bear
  4655 | D:4      | Killed a black bear
  4656 | D:4      | Reached XP level 7. HP: 34/45 MP: 0/0
  4656 | D:4      | Learned a level 2 spell: Call Imp
  4813 | D:4      | Found a staircase to the Ecumenical Temple.
  4823 | Temple   | Entered the Ecumenical Temple
  4968 | Temple   | Became a worshipper of Makhleb the Destroyer
  5025 | D:4      | Found a bloodstained altar of Trog.
  5815 | D:5      | Entered Level 5 of the Dungeon
  6040 | D:5      | Found a white marble altar of Elyvilon.
  6041 | D:5      | Found a hide-covered altar of Uskayaw.
  6089 | D:5      | Reached skill level 7 in Spellcasting
  6805 | D:5      | Slain by a hornet zombie

Illustrated notes

Levels and vault maps discovered:
D:1:      psy_arrival_basics, layout_basic
D:2:      layout_loops_cross, nicolae_overflow_crystal_walls,
          nemelex_xobeh_ov_fountains_minmay, serial_bayou_pond_e, uniq_terence
D:3:      layout_rooms, chequers_ecumenical_altar_island, serial_park_tiny_2
D:4:      layout_gridville, lightli_temple_of_fire,
          minmay_temple_entry_butterflies
D:5:      layout_gridville, gammafunk_temple_overflow_statue
Temple:   eino_temple_water

Skill      XL: |  1  2  3  4  5  6  7 |
---------------+----------------------+-----
Spellcasting   | 3 4 5 6 7 |  7.3
Dodging        | 3 |  3.0
Stealth        | |  1.6

Action                   |  1- 3 |  4- 6 |  7- 9 || total
-------------------------+-------+-------+-------++-------
Melee: Staff             |       |       |     4 ||     4
 Cast: Sting             |    33 |    10 |     2 ||    45
       Poisonous Vapours |    35 |    58 |    19 ||   112
       Ignite Poison     |       |     7 |    14 ||    21
       Mephitic Cloud    |       |     3 |     4 ||     7
       Animate Skeleton  |       |     1 |       ||     1
       Swiftness         |       |     1 |     1 ||     2
       Call Imp          |       |       |     5 ||     5
       Olgreb's Toxic Ra |       |       |     1 ||     1
  Use: Potion            |       |       |     1 ||     1
Armor: Robe              |     5 |     2 |     1 ||     8
Dodge: Dodged            |    15 |     5 |     6 ||    26
Block: Other             |       |     3 |     3 ||     6
       Reflection        |       |     1 |       ||     1

Table legend: (Time is in decaauts)
 A = Elapsed time spent in this place.
 B = Non-inter-level travel time spent in this place.
 C = Inter-level travel time spent in this place.
 D = Time resting spent in this place.
 E = Time spent auto-exploring this place.
 F = Levels seen in this place.
 G = Mean time per level.
                   A        B        C        D        E       F      G
               +--------+--------+--------+--------+--------+-----+--------+
         Total |   6805 |   6685 |    120 |      0 |   5679 |   6 | 1134.2 |
       Dungeon |   6641 |   6521 |    120 |      0 |   5584 |   5 | 1328.2 |
        Temple |    164 |    164 |      0 |      0 |     95 |   1 |  164.0 |
               +--------+--------+--------+--------+--------+-----+--------+

Top non-repeatable levels by time:
     D:1: 2033 daAuts
     D:2: 1448 daAuts
     D:4: 1258 daAuts
     D:5: 990 daAuts
     D:3: 909 daAuts
  Temple: 164 daAuts
